 Dungeon Crawl Stone Soup version 0.24.0-123-gd5b16e6ec5 (webtiles) character file.

Game seed: 13708282877781567651, levelgen mode: deterministic

2901 Mesmaeker13 the Skirmisher (level 9, -1/79 HPs)
             Began as a Demigod Skald on Jan 3, 2020.
             Slain by a two-headed ogre
             ... wielding a +0 giant club
              (11 damage)
             ... on level 6 of the Dungeon.
             The game lasted 00:21:15 (11427 turns).

Mesmaeker13 the Skirmisher (Demigod Skald)         Turns: 11427, Time: 00:21:15

Health: -1/79      AC: 20    Str: 18    XL:     9   Next: 25%
Magic:  14/14      EV:  8    Int: 19    God:
Gold:   373        SH:  0    Dex: 20    Spells: 10/11 levels left

rFire    + + +     SeeInvis .   j - +0 short sword (venom)
rCold    + . .     Gourm    .   (no shield)
rNeg     . . .     Faith    .   a - +5 chain mail "Alotenef" {-Tele rF+++ Int+2 Dex+3}
rPois    .         Spirit   .   o - +1 helmet
rElec    .         Reflect  .   f - +0 cloak
rCorr    .         Harm     .   v - +0 pair of gloves
MR       .....     NoTele   +   (no boots)
Stlth    ..........             (no amulet)
HPRegen  0.23/turn              t - ring of protection from cold
MPRegen  0.14/turn              (no ring)

@: no status effects
A: high mp 1
a: no special abilities


You were on level 6 of the Dungeon.
You were not hungry.

You visited 1 branch of the dungeon, and saw 8 of its levels.
You also visited: Sewer.

You collected 373 gold pieces.

Inventory:

Hand Weapons
 j - a +0 short sword of venom (weapon)
Missiles
 m - 50 poisoned darts (quivered)
Armour
 a - the +5 chain mail "Alotenef" (worn) {-Tele rF+++ Int+2 Dex+3}
   (You found it on level 7 of the Dungeon)

   It affects your intelligence (+2).
   It affects your dexterity (+3).
   It renders you almost immune to fire.
   It prevents most forms of teleportation.
 f - a +0 cloak (worn)
 h - a +0 chain mail
 n - a +0 shield
 o - a +1 helmet (worn)
 v - a +0 pair of gloves (worn)
 D - a +0 scale mail of fire resistance
Jewellery
 t - a ring of protection from cold (left hand)
Scrolls
 b - a scroll of fear
 e - 5 scrolls of remove curse
 i - 4 scrolls of enchant armour
 k - 3 scrolls of blinking
 l - 6 scrolls of magic mapping
 p - 3 scrolls of amnesia
 r - 2 scrolls of fog {unknown}
 u - a scroll of noise {unknown}
 z - 2 scrolls of teleportation {unknown}
 F - a scroll of brand weapon {unknown}
Potions
 c - 2 potions of curing {unknown}
 g - 2 potions of agility
 q - 5 potions of heal wounds
 s - a potion of mutation {unknown}
 w - a potion of ambrosia
 x - a potion of magic {unknown}
 A - a potion of flight {unknown}
 B - a potion of brilliance {unknown}
 C - 2 potions of degeneration {unknown}
 E - a potion of might {unknown}
Comestibles
 d - 7 rations


   Skills:
 + Level 7.0 Fighting
   Level 5.1 Long Blades
 + Level 6.7 Armour
 - Level 2.0 Dodging
 + Level 3.6 Shields
 - Level 1.7 Spellcasting
 + Level 4.7 Charms


You had 10 spell levels left.
You knew the following spells:

 Your Spells              Type           Power        Failure   Level  Hunger
a - Infusion              Chrm           ###.         26%         1    #......

Your spell library contained the following spells:

 Spells                   Type           Power        Failure   Level  Hunger
 Song of Slaying          Chrm           ###.....     38%         2    ###....
 Shroud of Golubria       Chrm/Tloc      ##....       71%         2    ###....
 Regeneration             Chrm/Necr      ##........   91%         3    ###....
 Spectral Weapon          Hex/Chrm       ##......     91%         3    ###....


Dungeon Overview and Level Annotations

Branches:
Dungeon (8/15)             Temple (0/1) D:4           Sewer (visited)
   Lair: D:8-11


Innate Abilities, Weirdness & Mutations

You have an increased reservoir of magic. (+10% MP)


Message History

You throw a poisoned dart.
The poisoned dart hits the two-headed ogre.
The two-headed ogre is poisoned.
You puncture the two-headed ogre!
The two-headed ogre looks as sick as possible!
The two-headed ogre is lightly wounded.
The two-headed ogre hits you with a +0 giant club! x2
You hit the two-headed ogre but do no damage.
The two-headed ogre looks as sick as possible!
The two-headed ogre is lightly wounded.
You hit the two-headed ogre.
The two-headed ogre is moderately wounded.
The two-headed ogre hits you with a +0 giant club!
* * * LOW HITPOINT WARNING * * *
The two-headed ogre hits you with a +0 giant club!
* * * LOW HITPOINT WARNING * * *
You completely miss the two-headed ogre.
The two-headed ogre is heavily wounded.
The two-headed ogre hits you with a +0 giant club!
You die...

##.......## ##.#.#
#######..# ###.....## ###.#
#......... #......## #(#
#.#####.#. #.####.#### #(#
#.# #.#. #.# #....# #(# #.#
###.#. #.# ##.##.# #.# #.#
#...#. ##.###...#.#### #(#
#.###.###.
#......_...)..####.#
#.........
#.##.#...###...@O).#
#......... #.##.##.##
#..###### #.###.###.
##.##....# #..# #.# #.###.
...#####.####..# #.# #.....
#### ###.......# #.# #####.
#.........# #.#######.
##........# #[........
#.#########################
#.# #.........#


You could see a two-headed ogre.

Vanquished Creatures
  A centaur skeleton (D:7)
  2 wyverns (D:7)
  2 hungry ghosts
  A sky beast (D:6)
  A phantom (D:5)
  An ogre (D:6)
  2 centaurs
  3 big kobolds (Sewer)
  4 bullfrogs
  A scorpion (D:5)
  A crimson imp (D:7)
  5 hounds
  A jelly (D:5)
  5 orc priests
  5 orc wizards
  A bullfrog skeleton (D:6)
  Jessica (D:2)
  2 worker ants
  Terence (D:2)
  2 iguanas
  A hound zombie (D:6)
  A howler monkey zombie (D:7)
  A worker ant zombie (D:5)
  8 gnolls
  12 adders
  2 river rats (Sewer)
  2 shadow imps (D:6)
  6 oozes
  An adder skeleton (D:4)
  9 worms
  3 dart slugs
  4 leopard geckos
  24 orcs
  5 giant cockroaches
  8 goblins
  13 hobgoblins
  8 jackals
  5 quokkas
  3 ball pythons
  6 bats
  4 frilled lizards
  16 kobolds
  A quokka zombie (D:5)
  9 rats
194 creatures vanquished.

Notes
Turn   | Place    | Note
-------+----------+-------------------------------------------
     0 | D:1      | Mesmaeker13 the Demigod Skald began the quest for the Orb.
     0 | D:1      | Reached XP level 1. HP: 17/17 MP: 5/5
   185 | D:1      | Reached skill level 1 in Armour
   254 | D:1      | Reached skill level 2 in Fighting
   279 | D:1      | Reached XP level 2. HP: 18/24 MP: 5/7
  1034 | D:2      | Reached XP level 3. HP: 29/29 MP: 8/8
  1418 | D:2      | Noticed Jessica
  1427 | D:2      | Killed Jessica
  1427 | D:2      | Reached XP level 4. HP: 34/37 MP: 9/9
  2556 | D:3      | Noticed Terence
  2569 | D:2      | Reached skill level 3 in Fighting
  2767 | D:2      | Reached XP level 5. HP: 33/45 MP: 10/10
  2950 | D:2      | Killed Terence
  3882 | D:3      | Reached XP level 6. HP: 42/51 MP: 11/11
  4863 | D:4      | Found a radiant altar of Vehumet.
  5073 | D:4      | Found a white marble altar of Elyvilon.
  5078 | D:4      | Reached skill level 4 in Fighting
  5217 | D:4      | Found a glowing drain.
  5228 | Sewer    | Entered a sewer
  5385 | Sewer    | Reached XP level 7. HP: 57/60 MP: 12/12
  5964 | D:4      | Found a staircase to the Ecumenical Temple.
  6220 | D:4      | Found a glowing golden altar of the Shining One.
  6220 | D:4      | Found an ancient bone altar of Kikubaaqudgha.
  6321 | D:5      | Entered Level 5 of the Dungeon
  6378 | D:5      | Reached skill level 5 in Long Blades
  6387 | D:5      | Reached skill level 5 in Fighting
  6992 | D:5      | Reached skill level 5 in Armour
  7644 | D:5      | Found a snail-covered altar of Cheibriados.
  7763 | D:6      | Reached XP level 8. HP: 69/69 MP: 13/13
  7944 | D:6      | Found an iron altar of Okawaru.
  8012 | D:6      | Found an ornate altar of the Wu Jian Council.
  8125 | D:6      | Reached skill level 1 in Shields
  8530 | D:6      | Reached skill level 6 in Fighting
  9422 | D:7      | Got a faintly glowing chain mail
  9433 | D:7      | Identified the +5 chain mail "Alotenef" {-Tele rF+++ Int+2
                  | Dex+3} (You found it on level 7 of the Dungeon)
 10008 | D:7      | Found a shimmering blue altar of Sif Muna.
 10144 | D:7      | Reached XP level 9. HP: 68/78 MP: 14/14
 10569 | D:7      | Noticed a two-headed ogre
 11225 | D:8      | Noticed a two-headed ogre
 11394 | D:6      | Reached skill level 7 in Fighting
 11427 | D:6      | Slain by a two-headed ogre

Levels and vault maps discovered:
D:1:      kennysheep_arrival_forest, layout_basic
D:2:      layout_basic, uniq_jessica
D:3:      layout_loops_ring, first_ration, uniq_terence
D:4:      layout_basic, old_standard_altar, amethyst_overflow_temple_binary,
          elyvilon_altar_5, minmay_temple_entry_proselytizer,
          cheibrodos_sewer_entry_drain, minmay_fountain_box
D:5:      layout_loops_ring, marbit_many_paths
D:6:      layout_loops_corners, nicolae_overflow_crystal_walls,
          small_statue_intersection, kennysheep_okawaru_gauntlet
D:7:      layout_basic, kennysheep_mini_moat, serial_shops,
          nicolae_shop_statue_plus
D:8:      layout_rooms

Skill      XL: |  1  2  3  4  5  6  7  8  9 |
---------------+----------------------------+-----
Armour         | 1 2 3 4 5 6 |  6.7
Dodging        | 2 |  2.0
Fighting       | 2 3 4 5 6 7 |  7.0
Long Blades    | 2 3 4 5 |  5.1
Shields        | 3 |  3.6
Charms         | 4 |  4.7
Spellcasting   | |  1.7

Action                   |  1- 3 |  4- 6 |  7- 9 || total
-------------------------+-------+-------+-------++-------
Melee: Falchion          |    47 |       |       ||    47
       Short sword       |    52 |   296 |   579 ||   927
Throw: Dart              |       |    16 |    47 ||    63
  Use: Scroll            |     3 |     2 |     7 ||    12
       Potion            |       |       |     2 ||     2
  Eat: Chunk             |     2 |    10 |    25 ||    37
       Ration            |       |     1 |     6 ||     7
Armor: Chain mail        |    54 |   177 |   320 ||   551
       Leather armour    |     3 |       |       ||     3
Dodge: Dodged            |    29 |   110 |   202 ||   341
       Rpst.: Falchion   |     5 |       |       ||     5
